AoeStats
← augustopgrave

Arena

504899227Analyzed
1v1 RM · 26d ago on Sep 7, 2026· 44m 3s· 2 players
Game mode
Random Map
Map size
Tiny (2 player)
Population
200
Speed
Normal
Resources
Standard
Victory
Conquest
Starting age
Dark Age
Ending age
Imperial Age
RankedLock teamsTeams togetherTeam positionsShared explorationLock speedFull tech treeHidden civsTurbo modeCheats
Victory
Defeat
🇦🇷 Chinese · Argentina
696
+16
🇧🇷 Byzantines · Brazil
704
-21
Franquitoo
0:39 Loom
12:03 Feudal Age
13:05 Double-Bit Axe
13:13 Gold Mining
14:21 Wheelbarrow
17:22 Fletching
17:43 Forging
17:20 Horse Collar
18:25 Stone Mining
23:02 Castle Age
22:09 Scale Mail Armor
21:42 Man-at-Arms
24:59 Bow Saw
25:43 Bodkin Arrow
26:46 Gold Shaft Mining
26:15 Heavy Plow
26:32 Hand Cart
26:31 Pikeman
26:33 Elite Skirmisher
28:00 Ballistics
29:55 Murder Holes
31:32 Stone Shaft Mining
30:45 Town Watch
31:17 Squires
33:17 Iron Casting
38:13 Imperial Age
36:01 Chain Mail Armor
35:46 Padded Archer Armor
35:37 Arson
38:23 Thumb Ring
39:23 Conscription
39:39 Elite Chu Ko Nu
41:09 Bracer
42:12 Chemistry
42:02 Heavy Rocket Cart
44:51 Rocketry
augustopgrave
14:15 Feudal Age
17:23 Loom
18:14 Wheelbarrow
20:40 Double-Bit Axe
23:38 Castle Age
25:05 Elite Skirmisher
25:09 Pikeman
25:51 Squires
33:39 Scale Mail Armor
33:49 Forging
33:45 Scale Barding Armor
42:10 Imperial Age
Connection lost

Rejoining the realm…

Still unreachable

The connection could not be restored.

Session expired

The server has moved on; the page needs a fresh start.